 Dungeon Crawl Stone Soup version 0.30-a0-723-gc1506a1cf0 (webtiles) character file.

Game seed: 5906166711061922201

375 browni3141 the Trooper (level 6, -5/65 HPs)
             Began as a Troll Berserker on Jan 28, 2023.
             Was a Follower of Trog.
             Slain by a gnoll
             ... wielding a +0 spear
             ... led by a gnoll sergeant
              (7 damage)
             ... on level 3 of the Dungeon.
             The game lasted 00:03:02 (2505 turns).

browni3141 the Trooper (Troll Berserker)            Turns: 2505, Time: 00:03:03

Health: -5/65      AC:  5    Str: 28    XL:     6   Next: 44%
Magic:  5/5        EV: 10    Int:  3    God:    Trog [*.....]
Gold:   103        SH:  5    Dex:  9    Spells: 5/5 levels left

rFire   . . .      SeeInvis .      - Unarmed
rCold   . . .      Faith    .    (no shield)
rNeg    . . .      Spirit   .    a - +0 animal skin
rPois   .          Reflect  +    (helmet restricted)
rElec   .          Harm     .    n - +0 cloak
rCorr   .          Rampage  .    (gloves unavailable)
Will    .....                    (boots unavailable)
Stlth   +                        f - amulet of reflection
HPRegen 1.10/turn                e - ring of flight
MPRegen 0.09/turn                (no ring)

@: lethally poisoned (-5 -> -26), flying
A: large, unfitting armour, claws 3, regeneration 1, shaggy fur 1, tough skin 1
a: Renounce Religion, Berserk


You were on level 3 of the Dungeon.
You worshipped Trog.
Trog was aware of your devotion.
You visited 1 branch of the dungeon, and saw 3 of its levels.

You collected 103 gold pieces.

Inventory:

Missiles
 c - 12 boomerangs (quivered)
 i - 3 poisoned darts
Armour
 a - a +0 animal skin (worn)
 n - a +0 cloak (worn)
Jewellery
 b - an amulet of faith
 e - a ring of flight (left claw)
 f - an amulet of reflection (around neck)
 m - an amulet of magic regeneration
 o - a ring of magical power
Wands
 j - a wand of paralysis (3)
Potions
 d - 2 potions of flight {unknown}
 g - a potion of curing {unknown}
 h - a potion of haste {unknown}
 k - a potion of lignification {unknown}


   Skills:
 * Level 4.9 Fighting
 - Level 2.4 Dodging
 - Level 1.0 Stealth
 + Level 4.8 Unarmed Combat


You had 5 spell levels left.
You didn't know any spells.
Your spell library was empty.

Dungeon Overview and Level Annotations

Branches:
Dungeon (3/15)

Altars:


Innate Abilities, Weirdness & Mutations

You are too large for most types of armour.
You have claws for hands.
Your natural rate of healing is unusually fast.
You are covered in fur. (AC +1)
You have tough skin. (AC +1)


Message History

The gnoll sergeant hits you with a +2 trident of venom.
* * * LOW HITPOINT WARNING * * *
You are more poisoned.
Aiming: Paralyse
Press: ? - help, Shift-Dir - straight line, f/p - gnoll sergeant
Aim: a gnoll sergeant, wielding a +2 trident of venom, wearing a +0 ring mail and wearing a +0 kite shield (moderately wounded, chance to affect: 49%)
The gnoll sergeant resists with some effort.
* * * LOW HITPOINT WARNING * * *
You feel extremely sick. The gnoll closely misses you.
You block the gnoll sergeant's attack.
Unknown command.
Okay, then.
It was a potion of heal wounds.
You feel much better.
* * * LOW HITPOINT WARNING * * *
You feel extremely sick. The gnoll barely misses you.
The gnoll completely misses you. You block the gnoll sergeant's attack.
Unknown command.
You feel much better.
You feel very sick. The gnoll barely misses you. x2
The gnoll sergeant hits you with a +2 trident of venom.
Aiming: Paralyse
Press: ? - help, Shift-Dir - straight line, f/p - gnoll sergeant
Aim: a gnoll sergeant, wielding a +2 trident of venom, wearing a +0 ring mail and wearing a +0 kite shield (moderately wounded, chance to affect: 49%)
The gnoll sergeant resists with some effort.
You feel very sick.
The gnoll hits you from afar with a +0 spear!
The gnoll sergeant hits you with a +2 trident of venom!
* * * LOW HITPOINT WARNING * * *
You are lethally poisoned!
The gnoll hits you but does no damage.
Aiming: Paralyse
Press: ? - help, Shift-Dir - straight line, f/p - gnoll sergeant
Aim: a gnoll sergeant, wielding a +2 trident of venom, wearing a +0 ring mail and wearing a +0 kite shield (moderately wounded, chance to affect: 49%)
The gnoll sergeant suddenly stops moving!
* * * LOW HITPOINT WARNING * * *
You feel extremely sick.
The gnoll hits you from afar with a +0 spear!
You die...

##....gggg## .....
##.....†..## #?.....<...# .
#..........###..
#...............
#..........g##............
#.....g...gg##...........#
##.....†.†#g#...........#
#.......##@#.........>.#
#.#..##................#
#.#...#..##............#
#.#.#.#..#.............#
##.#....................#
#...............####....#
#.............#...####†.#
#.......................####
#.............#.#####..)....


You could see a gnoll sergeant (paralysed) and 3 gnolls.

Vanquished Creatures
  Sigmund (D:2)
  Crazy Yiuf (D:2)
  Natasha (thrice) (D:2)
  An iguana (D:2)
  3 adders
  4 worms
  An orc (D:3)
  3 endoplasms
  7 giant cockroaches
  6 goblins
  2 hobgoblins
  3 quokkas
  5 ball pythons
  5 bats
  2 frilled lizards
  A kobold (D:2)
  A rat (D:3)
49 creatures vanquished.

Notes
Turn   | Place    | Note
-------+----------+-------------------------------------------
     0 | D:1      | browni3141 the Troll Berserker began the quest for the Orb.
     0 | D:1      | Reached XP level 1. HP: 22/22 MP: 0/0
   201 | D:1      | Reached XP level 2. HP: 29/29 MP: 1/1
   495 | D:1      | Reached * piety under Trog
   710 | D:2      | Reached XP level 3. HP: 31/37 MP: 2/2
   722 | D:2      | Noticed Sigmund
   728 | D:2      | Killed Sigmund
   729 | D:2      | Reached skill level 1 in Stealth
   729 | D:2      | Reached XP level 4. HP: 48/48 MP: 3/3
   729 | D:2      | Reached XP level 5. HP: 54/54 MP: 4/4
  1485 | D:2      | Noticed Natasha
  1499 | D:2      | Killed Natasha
  1533 | D:2      | Found a runed translucent door.
  1534 | D:2      | Noticed Crazy Yiuf
  1539 | D:2      | Paralysed by Crazy Yiuf for 5 turns
  1546 | D:2      | Killed Crazy Yiuf
  1547 | D:2      | Reached XP level 6. HP: 39/63 MP: 5/5
  1940 | D:2      | Noticed Natasha
  1951 | D:2      | Killed Natasha
  2042 | D:2      | Noticed Natasha
  2047 | D:2      | Killed Natasha
  2501 | D:3      | HP: 1/65 [poisoned by a gnoll sergeant]
  2505 | D:3      | Slain by a gnoll

Illustrated notes

Levels and vault maps discovered:
D:1:      lemuel_arrival_broad_hall, layout_loops_cross, minmay_hexomino_u4
D:2:      layout_basic, uniq_crazy_yiuf_cottage, uniq_sigmund, uniq_natasha
D:3:      layout_rooms, minmay_door_square, minmay_starry_boxes

Skill      XL: |  1  2  3 |
---------------+----------+-----
Fighting       | 3 4 |  4.9
Stealth        | 1 |  1.0
Unarmed Combat | 4 |  4.8
Dodging        | |  2.4

Action                     |  1- 3 |  4- 6 || total
---------------------------+-------+-------++-------
  Melee: Unarmed           |    54 |    86 ||   140
         Punch             |     1 |       ||     1
  Throw: Boomerang         |       |     3 ||     3
 Invoke: Berserk           |     1 |     2 ||     3
  Evoke: Wand              |       |     4 ||     4
    Use: Potion            |       |     2 ||     2
   Stab: Sleeping          |     2 |     1 ||     3
 Armour: Animal skin       |    15 |    20 ||    35
  Dodge: Dodged            |    25 |    44 ||    69
  Block: Other             |     6 |    18 ||    24

Table legend: (Time is in decaauts)
 A = Elapsed time spent in this place.
 B = Non-inter-level travel time spent in this place.
 C = Inter-level travel time spent in this place.
 D = Time resting spent in this place.
 E = Time spent auto-exploring this place.
 F = Levels seen in this place.
 G = Mean time per level.
                   A        B        C        D        E       F      G
               +--------+--------+--------+--------+--------+-----+--------+
         Total |   2525 |   2462 |     63 |     69 |   2024 |   3 |  841.7 |
       Dungeon |   2525 |   2462 |     63 |     69 |   2024 |   3 |  841.7 |
               +--------+--------+--------+--------+--------+-----+--------+

Top non-repeatable levels by time:
     D:2: 1733 daAuts
     D:1: 645 daAuts
     D:3: 145 daAuts
